 Dungeon Crawl Stone Soup version 0.21.1-1-g345015f (webtiles) character file.

191 nightchill the Slasher (level 6, -12/49 HPs)
             Began as a Formicid Fighter on Mar 24, 2018.
             Was an Initiate of Okawaru.
             Mangled by an ogre
             ... wielding a +0 giant club
              (27 damage)
             ... on level 3 of the Dungeon.
             The game lasted 00:13:00 (3978 turns).

nightchill the Slasher (Formicid Fighter)           Turns: 3978, Time: 00:13:01

Health: -12/49     AC:  6    Str: 22    XL:     6   Next: 2%
Magic:  6/6        EV:  8    Int:  8    God:    Okawaru [......]
Gold:   75         SH:  9    Dex: 10    Spells: 5/5 levels left

rFire    . . .     SeeInvis +   a - +0 long sword
rCold    . . .     Gourm    .   c - +0 shield
rNeg     . . .     Faith    .   b - +0 scale mail
rPois    .         Spirit   .   (helmet unavailable)
rElec    .         Reflect  .   (no cloak)
rCorr    .         Harm     .   (no gloves)
MR       .....                  (no boots)
Stlth    ..........             (no amulet)
HPRegen  0.16/turn              (no ring)
MPRegen  0.10/turn              (no ring)

@: no status effects
A: permanent stasis, dig shafts and tunnels, four strong arms, antennae 3
a: Dig, Shaft Self, Renounce Religion


You were on level 3 of the Dungeon.
You worshipped Okawaru.
Okawaru was noncommittal.
You were not hungry.

You visited 1 branch of the dungeon, and saw 3 of its levels.

You collected 75 gold pieces.

Inventory:

Hand Weapons
 a - a +0 long sword (weapon)
 s - a +0 hunting sling
Missiles
 g - 134 stones (quivered)
 n - 44 poisoned needles
Armour
 b - a +0 scale mail (worn)
 c - a +0 shield (worn)
Scrolls
 e - a scroll of remove curse
 r - 2 scrolls of fog
Potions
 d - a potion of curing
 k - a potion of brilliance
 l - 2 potions of invisibility {unknown}
 m - 2 potions of degeneration
 p - 2 potions of haste
Comestibles
 f - 4 rations


   Skills:
 + Level 4.7 Fighting
 * Level 4.8 Long Blades
 - Level 3.2 Armour
 - Level 3.6 Shields


You had 5 spell levels left.
You didn't know any spells.

Dungeon Overview and Level Annotations

Branches:
Dungeon (3/15)

Altars:
Cheibriados
Okawaru
Sif Muna

Annotations:
D:2 exclusion: 2 downstairs
D:3 !sigmund, Sigmund


Innate Abilities, Weirdness & Mutations

You cannot be hasted, slowed, berserked, paralysed or teleported.
You can dig through walls and to a lower floor.
Your four strong arms can wield two-handed weapons with a shield.
You have a pair of large antennae on your head. (SInv)


Message History

The ogre barely misses you.
You riposte.
You slash the ogre!
The ogre is heavily wounded.
You hit the ogre.
The ogre is heavily wounded.
The ogre hits you with a giant club!
You completely miss the ogre.
The ogre is heavily wounded.
The ogre barely misses you.
You barely miss the ogre.
The ogre is heavily wounded.
The ogre hits you with a giant club!!
* * * LOW HITPOINT WARNING * * *
You barely miss the ogre.
The ogre is heavily wounded.
The ogre barely misses you.
You hit the ogre.
The ogre is severely wounded.
The ogre hits you with a giant club!!
Ouch! That really hurt!
You die...

## ###.### ##
.....##.#
###.#.#.###
#.........#
#.###.###.#
#.# #.# #@#
#.# #.# #O# ##
#.# #.# #.#
.## #.# #.#
#.# ..##
#.###.# #.#
...## #..##.#
#.#
....####....##
###
....'.......#
....####...##


You could see an ogre.

Vanquished Creatures
  An orc priest (D:3)
  Robin (D:2)
  5 adders
  An ooze (D:1)
  6 worms (D:2)
  4 dart slugs
  2 leopard geckos (D:1)
  2 orcs (D:3)
  6 bats
  A giant cockroach (D:1)
  16 goblins
  7 hobgoblins
  4 jackals (D:1)
  A quokka (D:2)
  3 frilled lizards
  9 kobolds
  5 rats
74 creatures vanquished.

Notes
Turn   | Place    | Note
-------+----------+-------------------------------------------
     0 | D:1      | nightchill the Formicid Fighter began the quest for the Orb.
     0 | D:1      | Reached XP level 1. HP: 18/18 MP: 1/1
   196 | D:1      | Reached XP level 2. HP: 24/24 MP: 2/2
   536 | D:1      | Reached XP level 3. HP: 30/30 MP: 3/3
  1457 | D:2      | Reached XP level 4. HP: 28/37 MP: 4/4
  1872 | D:2      | Found an iron altar of Okawaru.
  1872 | D:2      | Found a deep blue altar of Sif Muna.
  1876 | D:2      | Became a worshipper of Warmaster Okawaru
  1984 | D:2      | Noticed Robin
  2007 | D:2      | Killed Robin
  2020 | D:2      | Reached XP level 5. HP: 30/42 MP: 5/5
  2343 | D:2      | Found a snail-covered altar of Cheibriados.
  2564 | D:2      | Found a faded altar of an unknown god.
  3139 | D:3      | Noticed Sigmund
  3418 | D:3      | Reached XP level 6. HP: 33/49 MP: 6/6
  3527 | D:3      | HP: 1/49 [Sigmund/scythe (14)]
  3970 | D:3      | Noticed an ogre
  3978 | D:3      | Mangled by an ogre

Skill      XL: |  1  2  3  4 |
---------------+-------------+-----
Long Blades    | 3 4 |  4.8
Fighting       | 4 |  4.7
Armour         | |  3.2
Shields        | |  3.6

Action                   |  1- 3 |  4- 6 || total
-------------------------+-------+-------++-------
Melee: Long sword        |    74 |   184 ||   258
       Unarmed           |       |     5 ||     5
Throw: Stone             |       |     4 ||     4
 Abil: Dig               |     3 |     4 ||     7
  Use: Scroll            |       |     6 ||     6
       Potion            |       |     3 ||     3
  Eat: Chunk             |     2 |     6 ||     8
       Ration            |       |     1 ||     1
Armor: Scale mail        |    25 |    61 ||    86
       Skin              |       |     6 ||     6
Dodge: Dodged            |    23 |    82 ||   105
Block: Shield            |    38 |    82 ||   120
       Rpst.: Long sword |     9 |    13 ||    22
